 Dungeon Crawl Stone Soup version 0.29.1-2-gbd0b4ee654 (webtiles) character file.

Game seed: 8543531193441664486

131 GorkyZ the Trooper (level 4, -1/37 HPs)
             Began as a Demonspawn Fighter on Nov 19, 2022.
             Killed by divine providence
             ... invoked by an orc priest
              (9 damage)
             ... on level 4 of the Dungeon.
             The game lasted 00:06:46 (2980 turns).

GorkyZ the Trooper (Demonspawn Fighter)             Turns: 2980, Time: 00:06:57

Health: -1/37      AC:  6    Str: 16    XL:     4   Next: 91%
Magic:  4/4        EV: 10    Int: 10    God:
Gold:   147        SH:  6    Dex: 14    Spells: 3/3 levels left

rFire   . . .      SeeInvis .   a - +0 flail
rCold   . . .      Faith    .   c - +1 buckler
rNeg    . . .      Spirit   .   h - +0 ring mail
rPois   .          Reflect  .   q - +0 helmet
rElec   +          Harm     .   (no cloak)
rCorr   .          Rampage  .   (no gloves)
Will    .....                   (no boots)
Stlth   +.........              o - amulet of the Air {Inacc Air Fly rElec RMsl}
HPRegen 0.12/turn               k - ring of flight
MPRegen 0.09/turn               (no ring)

@: flying, repel missiles
A: weakness stinger 2
a: no special abilities


You were on level 4 of the Dungeon.
You visited 1 branch of the dungeon, and saw 4 of its levels.

You collected 147 gold pieces.

Inventory:

Hand Weapons
 a - a +0 flail (weapon)
Missiles
 g - 6 poisoned darts (quivered)
Armour
 b - a +0 scale mail
 c - a +1 buckler (worn)
 h - a +0 ring mail (worn)
 q - a +0 helmet (worn)
Jewellery
 k - a ring of flight (left hand)
 o - the amulet of the Air (around neck) {Inacc Air Fly rElec RMsl}
   (You found it on level 2 of the Dungeon)

   [amulet of nothing]

   It reduces the accuracy of all your attacks.
   It enhances your air magic.
   rElec:     It insulates you from electricity.
   Fly:       It grants you flight.
   RMsl:      It protects you from missiles.
Wands
 n - a wand of mindburst (14)
Scrolls
 i - a scroll of poison
 l - a scroll of summoning {unknown}
 p - a scroll of magic mapping {unknown}
Potions
 d - a potion of might
 e - a potion of mutation
 f - a potion of haste
 j - a potion of attraction {unknown}
 m - 2 potions of resistance


   Skills:
 + Level 3.6 Fighting
 - Level 1.0(1.9) Axes
 + Level 2.4(2.6) Maces & Flails
 + Level 0.0 Throwing
 + Level 3.2 Armour
 + Level 1.4 Dodging
 + Level 3.2 Shields
 + Level 0.1 Evocations


You had 3 spell levels left.
You didn't know any spells.
Your spell library was empty.

Dungeon Overview and Level Annotations

Branches:
Dungeon (4/15)
 Temple: D:4-7

Altars:
Hepliaklqana

Shops:
D:2 :


Innate Abilities, Weirdness & Mutations

You have a tail ending in a sharp stinger.


Message History

Beogh smites you! The kobold hits you but does no damage.
You barely miss the kobold. The kobold closely misses you.
You block the hobgoblin's attack.
The orc wizard gestures wildly while chanting.
The orc wizard flickers and vanishes!
A puff of flame appears from out of thin air!
The puff of flame hits you!
You miss the kobold.
Your tail-slap misses the kobold.
The kobold closely misses you. The hobgoblin closely misses you.
The orc priest begins to cast a cantrip, but forgets the words!
Something tries to affect you, but you resist.
You hit the kobold.
The kobold is severely wounded.
The kobold hits you but does no damage. You block the hobgoblin's attack.
The kobold hits you but does no damage.
The hobgoblin hits you but does no damage.
You hear some strange, mumbled words.
A puff of flame appears from out of thin air!
The puff of flame misses you.
You closely miss the kobold.
The kobold is severely wounded.
A kobold comes into view. It is wielding a +0 dagger.
You block the hobgoblin's attack. The orc hits you with a +0 flail.
* * * LOW HITPOINT WARNING * * *
The kobold barely misses you.
You miss the kobold.
Your tail-slap misses the kobold.
The kobold is severely wounded.
The kobold hits you with a +0 short sword.
* * * LOW HITPOINT WARNING * * *
You block the hobgoblin's attack. The orc closely misses you.
Something hits you.
* * * LOW HITPOINT WARNING * * *
You block something's attack.
You completely miss the kobold.
The kobold is severely wounded.
The kobold hits you but does no damage.
The hobgoblin hits you but does no damage.
The orc priest mumbles some strange prayers to Beogh against you.
Beogh smites you!
You die...

.. #...# ...#
..K#####
#######......#
#..$.........#
#$......o....##[
#....<..)g......
#......o@#...
#......^#K.#
#..........#
###..........
#.##.....##. #.
....#.# ..
#(.....$.. .
.##.##.##


You could see an orc priest, an orc, a hobgoblin and 2 kobolds.

Vanquished Creatures
  2 hounds
  An adder (D:2)
  2 worms
  A dart slug (D:1)
  2 orcs
  5 ball pythons
  4 endoplasms
  5 giant cockroaches
  7 goblins
  2 hobgoblins
  4 jackals (D:2)
  3 kobolds (D:1)
  A quokka (D:2)
  4 bats
  3 frilled lizards
  4 rats
50 creatures vanquished.

Notes
Turn   | Place    | Note
-------+----------+-------------------------------------------
     0 | D:1      | GorkyZ the Demonspawn Fighter began the quest for the Orb.
     0 | D:1      | Reached XP level 1. HP: 18/18 MP: 1/1
   378 | D:1      | Discovered your monstrous ancestry.
   378 | D:1      | Gained mutation: You have a small tail. [demonic ancestry]
   378 | D:1      | Reached XP level 2. HP: 22/24 MP: 2/2
  1172 | D:1      | Found a faded altar of an unknown god.
  1339 | D:2      | Reached skill level 1 in Dodging
  1339 | D:2      | Reached XP level 3. HP: 29/29 MP: 3/3
  1427 | D:2      | Found the amulet of the Air {Inacc Air Fly rElec RMsl}
  1547 | D:2      | Gained mutation: You have a tail ending in a sharp stinger.
                  | [demonic ancestry]
  1547 | D:2      | Reached XP level 4. HP: 28/35 MP: 4/4
  1708 | D:2      | Found Xieczeusha's Book Emporium.
  2284 | D:3      | Reached skill level 1 in Axes
  2848 | D:3      | Found a hazy altar of Hepliaklqana.
  2980 | D:4      | Killed from afar by an orc priest

Illustrated notes

Levels and vault maps discovered:
D:1:      dpeg_arrival_chambers_temple_mockup, layout_basic,
          chequers_ecumenical_altar_grove, minmay_tiny_reverse_x
D:2:      layout_basic, serial_shops, nicolae_shop_stone
D:3:      layout_rooms, nicolae_hepliaklqana_hippocampus
D:4:      layout_rooms, minmay_temple_entry_glassed_door,
          hangedman_abyss_or_decor_lesser_grid, uniq_eustachio

Skill      XL: |  1  2  3  4 |
---------------+-------------+-----
Maces & Flails | 2 |  2.4
Dodging        | 1 |  1.4
Armour         | 3 |  3.2
Shields        | 3 |  3.2
Axes           | 1 |  1.0
Fighting       | |  3.6
Evocations     | |  0.1

Action                   |  1- 3 |  4- 6 || total
-------------------------+-------+-------++-------
Melee: Flail             |    86 |    98 ||   184
       Tailslap          |     9 |     7 ||    16
  Use: Scroll            |     2 |     7 ||     9
Armor: Scale mail        |    11 |       ||    11
       Ring mail         |    31 |    39 ||    70
Dodge: Dodged            |    49 |    49 ||    98
Block: Buckler           |    22 |    34 ||    56
